[Event "2026 Biel Blitz Open"]
[Site "Biel, CH"]
[Date "2026.07.19"]
[Round "2"]
[White "Stefan, Romulus-Cristian"]
[Black "Bu, Xiangzhi"]
[Result "0-1"]
[Board "1"]
[TimeControl "180+2"]
[WhiteFideId "1232835"]
[BlackFideId "8601445"]
[WhiteElo "2048"]
[BlackElo "2719"]
[WhiteTitle "CM"]
[BlackTitle "GM"]
[WhiteClock "0:00:14"]
[BlackClock "0:00:19"]
[Variant "Standard"]
[EndDate "2026.07.19"]
[EndTime "12:13:08"]

1. d4 Nf6 2. Nf3 e6 3. Bg5 h6 4. Bh4 d5 5. Nbd2 c5 6. e3 Nc6 7. c3 Qb6 8. Rb1 cxd4 9. exd4 Ne4 10. Nxe4 dxe4 11. Nd2 Qa5 12. Bg3 h5 13. h4 f5 14. Bc4 Qd8 15. Be2 g6 16. Nc4 Be7 17. b4 a6 18. a4 O-O 19. Qd2 Kh7 20. a5 Ra7 21. Rd1 Bd7 22. Nb6 Be8 23. Qf4 Nxb4 24. cxb4 Bxb4+ 25. Kf1 Bxa5 26. Nc4 Bb4 27. Qe5 a5 28. d5 exd5 29. Rxd5 Qf6 30. Bf4 Ra6 31. g3 Qxe5 32. Bxe5 a4 33. Kg2 Rc6 34. Ra1 Re6 35. Bd4 Bc6 36. Re5 Rxe5 37. Bxe5 Rd8 38. Ne3 Rd2 39. Bc4 a3 40. Bf4 Bc5 41. Ra2 Rxa2 42. Bxa2 b5 43. Bb3 Be8 44. Be5 Be7 45. Bc3 b4 46. Bd2 Kg7 47. Nc2 Bf7 48. Bxf7 Kxf7 49. Bxb4 Bxb4 50. Nxb4 Ke6 51. Na2 Ke5 52. Kf1 f4 53. Ke2 Kf5 54. Nc3 fxg3 0-1

[Event "2026 Biel Blitz Open"]
[Site "Biel, CH"]
[Date "2026.07.19"]
[Round "2"]
[White "Safarli, Eltaj"]
[Black "Bajraktari, Perparim"]
[Result "1-0"]
[Board "2"]
[TimeControl "180+2"]
[WhiteFideId "13402129"]
[BlackFideId "1307711"]
[WhiteElo "2619"]
[BlackElo "2045"]
[WhiteTitle "GM"]
[WhiteClock "0:00:37"]
[BlackClock "0:00:28"]
[Variant "Standard"]
[EndDate "2026.07.19"]
[EndTime "12:08:58"]

1. e4 g6 2. d4 Bg7 3. Nc3 d6 4. Nf3 c6 5. Be2 b5 6. O-O b4 7. Na4 Nf6 8. e5 Nd5 9. c4 bxc3 10. bxc3 O-O 11. c4 Nb6 12. Nc3 dxe5 13. Nxe5 Qc7 14. Bf4 Qd8 15. Bf3 Bxe5 16. Bxe5 Nxc4 17. Bf4 Be6 18. d5 cxd5 19. Nxd5 Nd7 20. Nc7 Rc8 21. Nxe6 fxe6 22. Bh6 Rf7 23. Bg4 Rc6 24. Rc1 Rd6 25. Qb3 Nce5 26. Bxe6 Rb6 27. Bxf7+ Nxf7 28. Qe3 Nf6 29. Rfd1 Qe8 30. Bf4 e5 31. Bg3 Ng4 32. Qe4 h5 33. h3 Nf6 34. Qe3 Kg7 35. Rc7 Re6 36. Qxa7 e4 37. Bf4 g5 38. Bxg5 Kg6 39. Be3 Ne5 40. Rg7+ Kf5 41. Rg5# 1-0

[Event "2026 Biel Blitz Open"]
[Site "Biel, CH"]
[Date "2026.07.19"]
[Round "2"]
[White "Nguyen Thi Mai Hung"]
[Black "Amonatov, Farrukh"]
[Result "0-1"]
[Board "3"]
[TimeControl "180+2"]
[WhiteFideId "12401676"]
[BlackFideId "14700077"]
[WhiteElo "2039"]
[BlackElo "2585"]
[WhiteTitle "WGM"]
[BlackTitle "GM"]
[WhiteClock "0:00:06"]
[BlackClock "0:00:26"]
[Variant "Standard"]
[EndDate "2026.07.19"]
[EndTime "12:10:04"]

1. d4 Nf6 2. Nf3 g6 3. g3 Bg7 4. Bg2 O-O 5. O-O d6 6. a4 Nbd7 7. a5 a6 8. Re1 e5 9. Nc3 e4 10. Nd2 d5 11. Nb3 Re8 12. f3 exf3 13. exf3 Rxe1+ 14. Qxe1 Nf8 15. Bf4 Nh5 16. Be3 Ne6 17. Qd2 c6 18. Re1 Bd7 19. Na4 Qc7 20. Bh6 Re8 21. Bxg7 Nhxg7 22. Nac5 Nxc5 23. Nxc5 Ne6 24. Nxe6 Bxe6 25. f4 b6 26. axb6 Qxb6 27. c3 a5 28. Bf3 Rb8 29. Re2 a4 30. Kg2 Bf5 31. g4 Bd7 32. Kg3 Qc7 33. h4 h6 34. Kg2 Qd6 35. Qc1 Qf6 36. Kg3 h5 37. g5 Qf5 38. Qf1 a3 39. bxa3 Rb3 40. Re5 Qc2 41. Re7 Be6 42. Qe2 Qxe2 43. Bxe2 Rxc3+ 44. Kf2 Rxa3 45. Rc7 Rh3 46. Rxc6 Rxh4 47. Kg3 Rh3+ 48. Kf2 Rh2+ 49. Ke3 h4 50. Bf3 h3 51. Rc1 Ra2 52. Re1 Kg7 53. Re2 Ra3+ 54. Kf2 Rd3 55. Re3 Rxd4 56. Kg3 Rd2 57. Re1 d4 58. Be4 d3 59. Re3 Re2 60. Rxe2 dxe2 61. Kf2 Bg4 62. Bh1 h2 63. Bd5 Kf8 64. Ke1 Ke7 65. Kf2 Kd6 0-1

[Event "2026 Biel Blitz Open"]
[Site "Biel, CH"]
[Date "2026.07.19"]
[Round "2"]
[White "Kozak, Adam"]
[Black "El-Mais, Ibaa"]
[Result "1-0"]
[Board "4"]
[TimeControl "180+2"]
[WhiteFideId "753246"]
[BlackFideId "1312715"]
[WhiteElo "2537"]
[BlackElo "2012"]
[WhiteTitle "GM"]
[WhiteClock "0:01:51"]
[BlackClock "0:00:06"]
[Variant "Standard"]
[EndDate "2026.07.19"]
[EndTime "12:05:50"]

1. d4 Nf6 2. c4 e6 3. Nc3 Bb4 4. e3 O-O 5. Bd3 d5 6. a3 Bd6 7. Nf3 b6 8. O-O Bb7 9. b3 Nbd7 10. cxd5 exd5 11. Bb2 a6 12. Ne2 Ne4 13. Ne5 f6 14. Nxd7 Qxd7 15. f3 Ng5 16. Qd2 Rae8 17. Rae1 Qe7 18. Ng3 Bxa3 19. Bxa3 Qxa3 20. Qc2 h6 21. Qxc7 Qxb3 22. Bg6 Rc8 23. Qxb7 1-0

[Event "2026 Biel Blitz Open"]
[Site "Biel, CH"]
[Date "2026.07.19"]
[Round "2"]
[White "Rappazzo, Johannes"]
[Black "Ghosh, Diptayan"]
[Result "1/2-1/2"]
[Board "5"]
[TimeControl "180+2"]
[WhiteFideId "1340069"]
[BlackFideId "5045207"]
[WhiteElo "2032"]
[BlackElo "2530"]
[WhiteTitle "FM"]
[BlackTitle "GM"]
[WhiteClock "0:00:06"]
[BlackClock "0:00:11"]
[Variant "Standard"]
[EndDate "2026.07.19"]
[EndTime "12:08:48"]

1. e4 e5 2. Nf3 Nc6 3. Bc4 Nf6 4. d4 exd4 5. e5 d5 6. Bb5 Nd7 7. Bxc6 bxc6 8. Nxd4 Nb8 9. O-O Be7 10. Qf3 O-O 11. Nc3 a5 12. Re1 Ra6 13. Bf4 c5 14. Nde2 d4 15. Rad1 Rg6 16. h3 Nc6 17. Ng3 Nb4 18. Qe2 Ba6 19. Qe4 Re8 20. a3 Nc6 21. Nd5 Bf8 22. Qf3 Bb7 23. c4 a4 24. Qd3 Na5 25. h4 Nxc4 26. Nf6+ gxf6 27. Qxc4 Rg4 28. e6 Qd5 29. Qxd5 Bxd5 30. exf7+ Kxf7 31. Bxc7 Rxe1+ 32. Rxe1 c4 33. f3 Rg8 34. Nf5 Be6 35. Nxd4 Bc5 36. Rd1 Rc8 37. Ba5 Rb8 38. Bc3 Rg8 39. Kf1 Rd8 40. Ke2 Bd5 41. Nf5 Ke6 42. Ng7+ Kf7 43. Nf5 Ke6 44. Ng7+ Kf7 45. Nf5 Ke8 1/2-1/2

[Event "2026 Biel Blitz Open"]
[Site "Biel, CH"]
[Date "2026.07.19"]
[Round "2"]
[White "Gloeckler, Christian"]
[Black "Schweizer, Samuel"]
[Result "1-0"]
[Board "6"]
[TimeControl "180+2"]
[WhiteFideId "34608966"]
[BlackFideId "1325353"]
[WhiteElo "2513"]
[BlackElo "2006"]
[WhiteTitle "IM"]
[WhiteClock "0:02:15"]
[BlackClock "0:01:14"]
[Variant "Standard"]
[EndDate "2026.07.19"]
[EndTime "12:04:38"]

1. e4 c5 2. Nf3 e6 3. d4 cxd4 4. Nxd4 a6 5. Be2 Qc7 6. Nc3 Nf6 7. Qd3 b5 8. O-O Bb7 9. Re1 Bc5 10. a3 d6 11. Nb3 Bb6 12. Qg3 Rg8 13. Bxb5+ axb5 14. Nxb5 Qd7 15. Nxd6+ Ke7 16. e5 Nc6 17. exf6+ gxf6 18. Nf5+ Kd8 19. Qxg8+ Kc7 20. Qg3+ e5 21. Ne3 Rd8 22. Bd2 Nd4 23. Bc3 Nf5 24. Nxf5 Qxf5 25. Bxe5+ Kc8 26. Qc3+ Kd7 27. Rad1+ Ke8 28. Bd6+ 1-0

[Event "2026 Biel Blitz Open"]
[Site "Biel, CH"]
[Date "2026.07.19"]
[Round "2"]
[White "Mikavica, Mirko"]
[Black "Aronyak Ghosh"]
[Result "0-1"]
[Board "7"]
[TimeControl "180+2"]
[WhiteFideId "908657"]
[BlackFideId "25072846"]
[WhiteElo "2015"]
[BlackElo "2488"]
[BlackTitle "IM"]
[WhiteClock "0:00:12"]
[BlackClock "0:01:26"]
[Variant "Standard"]
[EndDate "2026.07.19"]
[EndTime "12:06:12"]

1. d4 Nf6 2. c4 e6 3. Nc3 Bb4 4. Nf3 b6 5. g3 Bxc3+ 6. bxc3 Ba6 7. e3 Nc6 8. Ba3 Na5 9. c5 Bxf1 10. Kxf1 d6 11. cxd6 cxd6 12. Qa4+ Qd7 13. Qxd7+ Kxd7 14. Nd2 Rhc8 15. Rc1 Nc4 16. Nxc4 Rxc4 17. f3 Rac8 18. Bb2 Nd5 19. Kf2 Nxc3 20. a3 Na4 21. Rxc4 Rxc4 22. Rc1 Nxb2 0-1

[Event "2026 Biel Blitz Open"]
[Site "Biel, CH"]
[Date "2026.07.19"]
[Round "2"]
[White "Alexakis, Dimitris"]
[Black "Mikavica, Dragoljub"]
[Result "1-0"]
[Board "8"]
[TimeControl "180+2"]
[WhiteFideId "4277023"]
[BlackFideId "1308726"]
[WhiteElo "2459"]
[BlackElo "1983"]
[WhiteTitle "GM"]
[WhiteClock "0:02:11"]
[BlackClock "0:01:19"]
[Variant "Standard"]
[EndDate "2026.07.19"]
[EndTime "12:04:24"]

1. e4 e5 2. Nf3 Nc6 3. Bb5 d6 4. d4 exd4 5. Nxd4 Bd7 6. O-O Nf6 7. Re1 Ne5 8. Bxd7+ Qxd7 9. Nc3 a6 10. Bg5 Be7 11. Nf5 Nc6 12. Nxg7+ Kf8 13. Nf5 Rg8 14. Qd2 Ne5 15. Kh1 Ke8 16. Nxe7 Qxe7 17. Nd5 Rxg5 18. Nxe7 1-0

[Event "2026 Biel Blitz Open"]
[Site "Biel, CH"]
[Date "2026.07.19"]
[Round "2"]
[White "Python, Noe"]
[Black "Arjun Kalyan"]
[Result "0-1"]
[Board "9"]
[TimeControl "180+2"]
[WhiteFideId "1337637"]
[BlackFideId "35018701"]
[WhiteElo "2010"]
[BlackElo "2451"]
[BlackTitle "GM"]
[WhiteClock "0:00:16"]
[BlackClock "0:00:35"]
[Variant "Standard"]
[EndDate "2026.07.19"]
[EndTime "12:11:33"]

1. e4 e5 2. Nf3 Nc6 3. Nc3 Nf6 4. d4 exd4 5. Nxd4 Bc5 6. Be3 Bb6 7. Qd2 O-O 8. O-O-O Re8 9. f3 d5 10. Nxc6 bxc6 11. g4 Be6 12. g5 Nh5 13. Bg2 d4 14. Bxd4 Bxd4 15. Qxd4 Qxg5+ 16. Qd2 Nf4 17. h4 Qe5 18. Bf1 Rab8 19. Qd4 f6 20. Qxe5 fxe5 21. Na4 Rbd8 22. Ba6 Rd6 23. Nc5 Kf7 24. Nb7 Rxd1+ 25. Rxd1 Ke7 26. Nc5 Rf8 27. Kd2 Ng2 28. Nxe6 Kxe6 29. Bc4+ Kf6 30. Ke2 Ke7 31. b3 Nxh4 32. Rh1 g5 33. a4 h6 34. a5 Rd8 35. a6 c5 36. Ra1 Ng6 37. Ra5 Nf4+ 38. Ke3 Kd6 39. Rb5 c6 40. Rb7 Rd7 41. Rb8 Kc7 42. Rh8 h5 43. Bf1 Rg7 44. Bc4 g4 45. fxg4 hxg4 46. Rh1 g3 47. Rg1 g2 48. Bf1 gxf1=Q 49. Rxf1 Kb6 50. Rd1 Kxa6 51. Rd6 Kb6 52. Rf6 Rg2 53. c4 Rg3+ 54. Kd2 Rxb3 55. Rf5 Rd3+ 56. Kc2 Rd4 57. Kc3 Rxe4 58. Rf7 Re3+ 59. Kb2 a5 60. Ka2 a4 61. Kb2 Ne6 62. Re7 Nd4 63. Ka2 e4 64. Re8 Ka5 65. Kb2 Kb4 66. Ka2 Re2+ 67. Kb1 a3 68. Ka1 Nb3+ 69. Kb1 Rb2# 0-1

[Event "2026 Biel Blitz Open"]
[Site "Biel, CH"]
[Date "2026.07.19"]
[Round "2"]
[White "Elmi, Saad Abobaker"]
[Black "Kwiatkowski, Maciej"]
[Result "1-0"]
[Board "10"]
[TimeControl "180+2"]
[WhiteFideId "1553259"]
[BlackFideId "1360175"]
[WhiteElo "2409"]
[BlackElo "1967"]
[WhiteTitle "IM"]
[WhiteClock "0:00:32"]
[BlackClock "0:00:03"]
[Variant "Standard"]
[EndDate "2026.07.19"]
[EndTime "12:09:59"]

1. Nf3 d5 2. e3 Nf6 3. c4 e6 4. Nc3 Be7 5. b3 O-O 6. Bb2 c5 7. cxd5 exd5 8. d4 Nc6 9. Be2 Bg4 10. dxc5 Bxc5 11. O-O Re8 12. Rc1 Bd6 13. h3 Bh5 14. Nh4 Bg6 15. Nxg6 hxg6 16. Bf3 Ne7 17. Nb5 Bb8 18. Qc2 a6 19. Nc7 Bxc7 20. Qxc7 Rc8 21. Qxb7 Rxc1 22. Rxc1 Qa5 23. Bxf6 gxf6 24. a4 Kf8 25. Rd1 Qc3 26. Bxd5 Qc2 27. Bf3 Qc3 28. Qxa6 Qxb3 29. Qb5 Qc3 30. a5 Nf5 31. a6 Nh4 32. Bc6 Re7 33. Bb7 Qa3 34. Qb6 Qa4 35. Rb1 Rd7 36. a7 Rd1+ 37. Rxd1 Qxd1+ 38. Kh2 Qe1 39. a8=Q+ Kg7 40. Qbd8 Kh6 41. Qxf6 Nf5 42. Qah8# 1-0

[Event "2026 Biel Blitz Open"]
[Site "Biel, CH"]
[Date "2026.07.19"]
[Round "2"]
[White "Dietiker, Manuel"]
[Black "Thorfinnsson, Bjorn"]
[Result "0-1"]
[Board "11"]
[TimeControl "180+2"]
[WhiteFideId "1317377"]
[BlackFideId "2300982"]
[WhiteElo "2002"]
[BlackElo "2396"]
[BlackTitle "IM"]
[WhiteClock "0:00:05"]
[BlackClock "0:00:25"]
[Variant "Standard"]
[EndDate "2026.07.19"]
[EndTime "12:08:36"]

1. e4 e5 2. Nf3 Nc6 3. Nc3 Nf6 4. d4 exd4 5. Nd5 Be7 6. Nxd4 d6 7. Nb5 Nxd5 8. exd5 Ne5 9. f4 Ng6 10. Be2 O-O 11. O-O c6 12. dxc6 bxc6 13. Nd4 Bf6 14. c3 Bd7 15. Bf3 Rb8 16. Kh1 d5 17. Qc2 Qc7 18. g3 Rfd8 19. Bd2 c5 20. Nf5 Bxf5 21. Qxf5 Rxb2 22. Rfd1 Rxd2 23. Rxd2 Bxc3 24. Rdd1 Bxa1 25. Rxa1 Ne7 26. Qd3 Nc8 27. Re1 Nb6 28. Qb5 g6 29. a4 d4 30. a5 Nc8 31. Re8+ Rxe8 32. Qxe8+ Kg7 33. Bd5 d3 34. Qe4 d2 35. Qc2 Qxa5 36. Bf3 Qa1+ 37. Kg2 Qd4 38. Qa2 Nd6 39. Bd1 Nf5 40. Qxa7 Ne3+ 41. Kh3 Nxd1 42. Qe7 Nf2+ 43. Kg2 d1=Q 0-1

[Event "2026 Biel Blitz Open"]
[Site "Biel, CH"]
[Date "2026.07.19"]
[Round "2"]
[White "Shukhman, Anna"]
[Black "Vihaan Dumir"]
[Result "1-0"]
[Board "12"]
[TimeControl "180+2"]
[WhiteFideId "54180058"]
[BlackFideId "25901010"]
[WhiteElo "2392"]
[BlackElo "1965"]
[WhiteTitle "WGM"]
[BlackTitle "CM"]
[WhiteClock "0:00:10"]
[BlackClock "0:00:26"]
[Variant "Standard"]
[EndDate "2026.07.19"]
[EndTime "12:08:40"]

1. e4 c5 2. Nf3 e6 3. d4 cxd4 4. Nxd4 Nf6 5. Bd3 Nc6 6. Nxc6 dxc6 7. Nd2 e5 8. O-O Bd6 9. h3 O-O 10. Qe2 Qe7 11. a4 Be6 12. Bc4 Nd7 13. Rd1 Rfd8 14. Bxe6 Qxe6 15. Qc4 Qe7 16. Nf3 h6 17. Be3 Nf8 18. Rd3 Ne6 19. Rad1 c5 20. c3 b6 21. Rd5 Bc7 22. Qa6 Rxd5 23. Rxd5 Rd8 24. Qxa7 Rxd5 25. exd5 e4 26. Qa8+ Nf8 27. Nd2 Qe5 28. Nf1 f5 29. g3 g5 30. a5 f4 31. axb6 Bxb6 32. Bc1 fxg3 33. Nxg3 c4 34. Kg2 e3 35. Qc6 Qf4 36. Bxe3 Bxe3 37. fxe3 Qxe3 38. Qxc4 Qd2+ 39. Kf3 Ng6 40. d6+ Kf8 41. Qc8+ Kg7 42. Nh5+ Kf7 43. Qd7+ Kf8 44. Qg7+ Ke8 45. Nf6+ Kd8 46. Qd7# 1-0

[Event "2026 Biel Blitz Open"]
[Site "Biel, CH"]
[Date "2026.07.19"]
[Round "2"]
[White "Haugner, Jan"]
[Black "Haimovich, Tal"]
[Result "1-0"]
[Board "13"]
[TimeControl "180+2"]
[WhiteFideId "24655244"]
[BlackFideId "2801698"]
[WhiteElo "1976"]
[BlackElo "2347"]
[BlackTitle "IM"]
[WhiteClock "0:00:15"]
[BlackClock "0:00:09"]
[Variant "Standard"]
[EndDate "2026.07.19"]
[EndTime "12:10:29"]

1. e4 d5 2. exd5 Qxd5 3. Nc3 Qd8 4. d4 Nf6 5. Bc4 e6 6. Nf3 Be7 7. Bg5 Nbd7 8. Qd2 a6 9. O-O-O b5 10. Be2 O-O 11. Ne5 Bb7 12. Bd3 b4 13. Ne2 Nxe5 14. dxe5 Nd5 15. Bxe7 Qxe7 16. Ng3 a5 17. h4 a4 18. Qg5 a3 19. b3 Qxg5+ 20. hxg5 g6 21. Ne4 Kg7 22. Bc4 h5 23. gxh6+ Kh8 24. Bxd5 Bxd5 25. Nf6 Bxg2 26. Rhg1 Bc6 27. Rd4 Rab8 28. Rgg4 Bb5 29. Rxb4 c5 30. Rbe4 Rbd8 31. c4 Bc6 32. Re3 Rb8 33. Rg1 Rfd8 34. Rd1 Rxd1+ 35. Kxd1 Bg2 36. Rd3 Bh3 37. Kd2 Bf5 38. Rd7 Rf8 39. Kc3 Bb1 40. Rd2 Rb8 41. f4 Bf5 42. Rd6 Bb1 43. Rd2 Rc8 44. b4 cxb4+ 45. Kxb4 Ra8 46. c5 Bf5 47. c6 Rc8 48. Kc5 Bh3 49. Kb6 Rb8+ 50. Kc7 Ra8 51. Rd8+ Rxd8 52. Kxd8 Bg2 53. c7 Bb7 54. Ke7 Bc8 55. Kxf7 Bb7 56. Kxg6 Bc8 57. Kf7 Bb7 58. Kxe6 Bc8+ 59. Ke7 Bb7 60. e6 Bc8 61. f5 Bxe6 62. h7 Bxf5 63. Kd8 Be6 64. c8=Q Bxc8 65. Kxc8 Kg7 66. Kb7 Kh8 67. Kb6 Kg7 68. Kb5 1-0

[Event "2026 Biel Blitz Open"]
[Site "Biel, CH"]
[Date "2026.07.19"]
[Round "2"]
[White "Tureshbayev, Anuar"]
[Black "Osmani, Xhevdet"]
[Result "1-0"]
[Board "14"]
[TimeControl "180+2"]
[WhiteFideId "651081709"]
[BlackFideId "22104569"]
[WhiteElo "2328"]
[BlackElo "1959"]
[WhiteTitle "FM"]
[WhiteClock "0:00:04"]
[BlackClock "0:00:24"]
[Variant "Standard"]
[EndDate "2026.07.19"]
[EndTime "12:08:18"]

1. Nf3 c6 2. b3 d5 3. Bb2 Nf6 4. e3 Nbd7 5. c4 e6 6. Nc3 Be7 7. Qc2 b6 8. cxd5 cxd5 9. g4 Bb7 10. g5 Nh5 11. Rg1 Rc8 12. Bb5 a6 13. Bd3 b5 14. a3 Nc5 15. Bxh7 Ne4 16. Bxe4 dxe4 17. Nd4 Bc5 18. Qd1 Bxd4 19. exd4 Nf4 20. Ra2 Nd3+ 21. Kf1 Rxh2 22. Rg2 Qd6 23. Qg4 e3 1-0

[Event "2026 Biel Blitz Open"]
[Site "Biel, CH"]
[Date "2026.07.19"]
[Round "2"]
[White "Floure, Alexan"]
[Black "Omar, Noaman"]
[Result "0-1"]
[Board "16"]
[TimeControl "180+2"]
[WhiteFideId "1346610"]
[BlackFideId "9300244"]
[WhiteElo "1960"]
[BlackElo "2274"]
[BlackTitle "IM"]
[WhiteClock "0:00:03"]
[BlackClock "0:00:21"]
[Variant "Standard"]
[EndDate "2026.07.19"]
[EndTime "12:09:03"]

1. d4 d5 2. Nf3 Nf6 3. c4 e6 4. Nc3 Be7 5. Qc2 c5 6. cxd5 cxd4 7. Nxd4 O-O 8. e4 exd5 9. e5 Ne4 10. Bd3 Nd7 11. f4 Bc5 12. Be3 Qh4+ 13. Ke2 Qg4+ 14. Kf1 Bxd4 15. Bxd4 Qxf4+ 16. Kg1 Nec5 17. Bf2 Nxd3 18. Qxd3 Nxe5 19. Qxd5 Be6 20. Qe4 Qf6 21. Rf1 Bc4 22. Re1 Nd3 23. Re2 Rac8 24. Nd5 Bxd5 25. Qxd5 Nxf2 26. Qf3 0-1

[Event "2026 Biel Blitz Open"]
[Site "Biel, CH"]
[Date "2026.07.19"]
[Round "2"]
[White "Kukushkin, Ivan"]
[Black "Clausen, Martin"]
[Result "1-0"]
[Board "17"]
[TimeControl "180+2"]
[WhiteFideId "11634103"]
[BlackFideId "1314882"]
[WhiteElo "2265"]
[BlackElo "1956"]
[WhiteTitle "FM"]
[WhiteClock "0:00:37"]
[BlackClock "0:00:23"]
[Variant "Standard"]
[EndDate "2026.07.19"]
[EndTime "12:07:13"]

1. e4 d5 2. exd5 c6 3. Nf3 cxd5 4. Ne5 Nc6 5. Bb5 Bd7 6. Nxd7 Qxd7 7. d4 e6 8. c3 Nf6 9. O-O Bd6 10. Nd2 O-O 11. Re1 a6 12. Bd3 b5 13. Nf3 Qc7 14. Bg5 Bf4 15. Bxf6 gxf6 16. g3 Bd6 17. Qd2 Kg7 18. Rac1 Rg8 19. Kh1 Be7 20. a4 bxa4 21. Qe2 f5 22. c4 dxc4 23. Rxc4 Qb7 24. d5 exd5 25. Rxc6 Qxc6 26. Qxe7 Rae8 27. Qg5+ Kh8 28. Rxe8 Rxe8 29. Qxf5 f6 30. Qxh7# 1-0

[Event "2026 Biel Blitz Open"]
[Site "Biel, CH"]
[Date "2026.07.19"]
[Round "2"]
[White "Ragios, Konstantinos"]
[Black "Cao, Qingfeng"]
[Result "0-1"]
[Board "18"]
[TimeControl "180+2"]
[WhiteFideId "4210484"]
[BlackFideId "8627568"]
[WhiteElo "1957"]
[BlackElo "2264"]
[BlackTitle "IM"]
[WhiteClock "0:00:11"]
[BlackClock "0:00:20"]
[Variant "Standard"]
[EndDate "2026.07.19"]
[EndTime "12:08:02"]

1. e4 c6 2. Nf3 d5 3. Nc3 Bg4 4. h3 Bxf3 5. Qxf3 e6 6. exd5 exd5 7. d4 Bd6 8. Bd3 Nf6 9. Bg5 Nbd7 10. O-O-O O-O 11. g4 b5 12. a3 a5 13. Ne2 a4 14. Nf4 Qc7 15. Nh5 Nxh5 16. gxh5 b4 17. axb4 a3 18. b3 a2 19. Kd2 Bxb4+ 20. c3 Bxc3+ 21. Kxc3 c5 22. Qxd5 cxd4+ 23. Kd2 Qc3+ 24. Ke2 Rfe8+ 25. Kf3 Ne5+ 26. Kg2 Nxd3 27. Qf5 Qc6+ 28. Kh2 Ne5 29. h6 Nf3+ 30. Kg3 Re5 31. Qxf3 Rxg5+ 32. Qg4 Rxg4+ 33. hxg4 Qc3+ 34. Kf4 a1=Q 0-1

[Event "2026 Biel Blitz Open"]
[Site "Biel, CH"]
[Date "2026.07.19"]
[Round "2"]
[White "Gluckman, David"]
[Black "Havolli, Daut"]
[Result "1-0"]
[Board "19"]
[TimeControl "180+2"]
[WhiteFideId "14300010"]
[BlackFideId "1315200"]
[WhiteElo "2240"]
[BlackElo "1950"]
[WhiteTitle "IM"]
[WhiteClock "0:00:55"]
[BlackClock "0:00:24"]
[Variant "Standard"]
[EndDate "2026.07.19"]
[EndTime "12:13:43"]

1. e4 c6 2. c4 d6 3. Nc3 e5 4. g3 Be7 5. Bg2 f5 6. d3 Nf6 7. Nge2 O-O 8. O-O fxe4 9. dxe4 Be6 10. b3 Nbd7 11. f4 Qb6+ 12. Kh1 Ng4 13. f5 Bf7 14. Na4 Qc7 15. h3 Ngf6 16. Nac3 Rad8 17. Be3 Nb6 18. Rc1 Qb8 19. Qe1 d5 20. cxd5 cxd5 21. Bxb6 axb6 22. Nxd5 Nxd5 23. exd5 Bxd5 24. Bxd5+ Rxd5 25. Nc3 Rd3 26. Ne4 Bc5 27. Qe2 Re3 28. Qc4+ Kh8 29. Rc3 Rxc3 30. Qxc3 Bd4 31. Qc4 h6 32. f6 Qc8 33. fxg7+ Kxg7 34. Rxf8 Qxf8 35. Qc7+ Kh8 36. Kg2 Qg7 37. Qxg7+ Kxg7 38. Nd6 Kf6 39. Kf3 Ke6 40. Ne4 b5 41. g4 b6 42. h4 Bb2 1-0

[Event "2026 Biel Blitz Open"]
[Site "Biel, CH"]
[Date "2026.07.19"]
[Round "2"]
[White "Jehnichen, Kai"]
[Black "Ling, Chenxuan"]
[Result "0-1"]
[Board "20"]
[TimeControl "180+2"]
[WhiteFideId "24684333"]
[BlackFideId "30983118"]
[WhiteElo "1952"]
[BlackElo "2235"]
[BlackTitle "CM"]
[WhiteClock "0:00:46"]
[BlackClock "0:00:58"]
[Variant "Standard"]
[EndDate "2026.07.19"]
[EndTime "12:08:13"]

1. Nf3 Nf6 2. g3 g6 3. Bg2 Bg7 4. O-O O-O 5. d3 d5 6. c4 c6 7. h3 Nbd7 8. Nc3 e5 9. Bg5 d4 10. Ne4 Qc7 11. Nxf6+ Nxf6 12. Qd2 Be6 13. Bh6 Nd7 14. Bxg7 Kxg7 15. Ng5 Qd6 16. b4 Rae8 17. Rab1 b6 18. a4 c5 19. Ne4 Qc7 20. bxc5 Nxc5 21. Nxc5 Qxc5 22. Rb5 Qd6 23. a5 Bd7 24. Rd5 Qc7 25. axb6 axb6 26. c5 Bc6 27. cxb6 Qb7 28. Qa5 Ra8 29. Qc5 Rac8 30. Qd6 Bxd5 31. Qxe5+ Kg8 32. Bxd5 Qxb6 33. Bc4 Rce8 34. Qg5 Rxe2 35. h4 Kg7 36. Kg2 Rfe8 37. Qf4 Qf6 38. Qc7 Re1 39. Qd7 Rxf1 40. Kxf1 Re7 41. Qd5 Qe5 42. Qa8 Qf5 43. Kg2 Re2 44. Qf3 Qxf3+ 45. Kxf3 Re7 46. Bd5 f5 47. g4 Kf6 48. g5+ Ke5 49. Bg8 Rg7 50. Bc4 h6 51. Kg3 hxg5 52. hxg5 Rc7 53. Kf3 Rh7 54. Bg8 Rh3+ 55. Ke2 Kf4 0-1

[Event "2026 Biel Blitz Open"]
[Site "Biel, CH"]
[Date "2026.07.19"]
[Round "2"]
[White "Fogo Esquivel, Levi Kalani Alexander"]
[Black "Dai, Wenzhi"]
[Result "1/2-1/2"]
[Board "21"]
[TimeControl "180+2"]
[WhiteFideId "5183189"]
[BlackFideId "8608369"]
[WhiteElo "2219"]
[BlackElo "1943"]
[WhiteTitle "FM"]
[WhiteClock "0:00:13"]
[BlackClock "0:00:09"]
[Variant "Standard"]
[EndDate "2026.07.19"]
[EndTime "12:08:47"]

1. e4 e5 2. Nf3 Nf6 3. Nxe5 d6 4. Nf3 Nxe4 5. Nc3 Nxc3 6. dxc3 Be7 7. Be3 Nd7 8. Qd2 O-O 9. Bd3 Nf6 10. h3 Re8 11. O-O d5 12. Rad1 c6 13. c4 dxc4 14. Bxc4 Qxd2 15. Rxd2 Bf5 16. Ne5 Bg6 17. Nxg6 hxg6 18. Rfd1 b5 19. Bb3 a5 20. a4 Rab8 21. c3 Red8 22. axb5 cxb5 23. Rxd8+ Rxd8 24. Bb6 Rxd1+ 25. Bxd1 a4 26. Be2 b4 27. cxb4 Bxb4 28. Bd1 a3 29. bxa3 Bxa3 30. g4 Nd5 31. Bd4 Nf4 32. h4 Be7 33. g5 f6 34. gxf6 Bxf6 35. Be3 Nh5 36. Kg2 Bxh4 37. Bb3+ Kh7 38. Kh3 Be7 39. Kg4 Nf6+ 40. Kf4 Bd6+ 41. Kg5 Ne4+ 42. Kh4 Bc5 43. Bc2 Bxe3 44. fxe3 Nd6 45. e4 Nxe4 1/2-1/2

[Event "2026 Biel Blitz Open"]
[Site "Biel, CH"]
[Date "2026.07.19"]
[Round "2"]
[White "Jud, Marc"]
[Black "Rohrer, Christophe"]
[Result "0-1"]
[Board "22"]
[TimeControl "180+2"]
[WhiteFideId "1309099"]
[BlackFideId "1326546"]
[WhiteElo "1946"]
[BlackElo "2216"]
[BlackTitle "FM"]
[WhiteClock "0:00:31"]
[BlackClock "0:00:09"]
[Variant "Standard"]
[EndDate "2026.07.19"]
[EndTime "12:08:13"]

1. d4 Nf6 2. Nf3 d5 3. e3 e6 4. c4 Nbd7 5. cxd5 exd5 6. b3 Bd6 7. Bb2 O-O 8. Bd3 Qe7 9. O-O b6 10. Nbd2 Bb7 11. Rc1 a6 12. Qe2 Rfe8 13. Rfe1 Ne4 14. Rc2 f5 15. Rec1 c5 16. Ne1 Qh4 17. g3 Qh3 18. Bxe4 fxe4 19. Qf1 Qh5 20. Qg2 Re6 21. dxc5 bxc5 22. b4 c4 23. a3 Rf8 24. Bd4 Be5 25. Rc3 Ref6 26. f4 exf3 27. Nexf3 Rxf3 28. Nxf3 Qxf3 29. Qxf3 Rxf3 30. Rf1 Rxf1+ 31. Kxf1 Bxd4 32. exd4 Nf6 33. Rc1 Bc6 34. Kf2 Ne4+ 35. Ke3 Kf7 36. Rf1+ Ke7 37. Ra1 Ba4 38. Rc1 c3 39. Kd3 c2 0-1

[Event "2026 Biel Blitz Open"]
[Site "Biel, CH"]
[Date "2026.07.19"]
[Round "2"]
[White "Kolly, Jacques"]
[Black "Garcia, Miguel"]
[Result "1-0"]
[Board "23"]
[TimeControl "180+2"]
[WhiteFideId "1302183"]
[BlackFideId "1317431"]
[WhiteElo "2203"]
[BlackElo "1938"]
[WhiteTitle "FM"]
[WhiteClock "0:00:45"]
[BlackClock "0:00:23"]
[Variant "Standard"]
[EndDate "2026.07.19"]
[EndTime "12:11:12"]

1. d4 Nf6 2. c4 g6 3. Nc3 Bg7 4. e4 d6 5. f3 O-O 6. Bg5 h6 7. Be3 Na6 8. Qd2 Kh7 9. Bd3 c5 10. d5 e6 11. Nge2 exd5 12. cxd5 Nc7 13. O-O b5 14. Nxb5 Nxb5 15. Bxb5 Rb8 16. Bc4 Nd7 17. Rab1 Ne5 18. Bb3 c4 19. Bc2 a5 20. Bd4 Ba6 21. Bc3 Nd3 22. Bxd3 cxd3 23. Nd4 Qb6 24. Qf2 Rfc8 25. Nc6 Rxc6 26. dxc6 Bxc3 27. Qxb6 Rxb6 28. bxc3 Rxc6 29. Rb3 Bc4 30. Ra3 Rc5 31. Rd1 Kg7 32. Kf2 Kf6 33. Ke3 d5 34. Kd4 Rb5 35. e5+ Ke6 36. Rd2 f5 37. f4 g5 38. g3 Kd7 39. Ra4 Kc6 40. Rxc4+ dxc4 41. Kxc4 Rd5 42. Rxd3 Rc5+ 43. Kb3 Rb5+ 44. Kc2 a4 45. c4 Rb4 46. Kc3 Rb1 47. Rd6+ Kc7 48. Rxh6 a3 49. Ra6 gxf4 50. gxf4 Rb2 51. Rxa3 Rxh2 52. Ra7+ Kb6 53. Rf7 Rh3+ 54. Kd4 Ra3 55. Rxf5 1-0